[Event "Susha Chess Rapid Women 2022"]
[Site "Shusha"]
[Date "2022.09.21"]
[Round "1.1"]
[White "Fataliyeva, Ulviyya"]
[Black "Mammadzada, Gunay"]
[Result "1/2-1/2"]
[ECO "A40"]
[WhiteElo "2408"]
[BlackElo "2473"]
[Annotator "TA"]
[PlyCount "91"]
[EventDate "2022.09.21"]
[EventType "tourn"]
[EventCountry "AZE"]
[SourceTitle "playchess.com"]
[Source "ChessBase"]
[SourceQuality "1"]
[TimeControl "900+10"]

1. d4 e6 2. Nf3 f5 3. g3 Nf6 4. Bg2 d5 5. O-O Bd6 6. b3 O-O 7. Ba3 {[%emt 0:00:03] A81: Dutch Defence: 2 g3.} Bxa3 8. Nxa3 Qe7 9. Qc1 c5 {[%emt 0:02:06] [#]} 10. dxc5 $146 ({Predecessor:} 10. e3 Nc6 11. c4 cxd4 12. exd4 Bd7 13. Nc2 Rac8 14. Qb2 dxc4 15. bxc4 Na5 16. c5 {1-0 (59) Grasser,M (1903)-Horther Schneider,E (1756) Schwandorf 2015}) 10... Qxc5 11. c4 d4 12. b4 Qxb4 13. Nxd4 Qc5 14. Nb3 Qe7 15. c5 e5 16. Nc4 (16. Nb5 {with more complications.} Nc6 17. Nd6 e4 18. f3) 16... Nc6 17. Bxc6 (17. Nd6 {is interesting.} e4 18. f3 Be6 19. fxe4 fxe4 20. Qe3) 17... bxc6 18. Qc3 e4 {[%emt 0:01:24] [#]} ({Better is} 18... Be6 $1 $14) 19. Qe5 $1 $36 {[%emt 0:00:26][%mdl 2048] White has strong initiative.} Be6 20. Nd4 Rae8 21. Nd6 {[%emt 0:00:23] Pair of Knights!} ({Don't play} 21. Nxe6 $6 Qxe6 22. Qxe6+ Rxe6 $14) ({Much weaker is} 21. Nxf5 $6 Bxf5 22. Qxf5 Nd5 $11) (21. Nxc6 $6 Qb7 22. N4a5 Qb5 $11) 21... Bd7 22. Qxe7 {[%emt 0:01:47] White is much more active.} Rxe7 23. Rab1 ({Don't do} 23. N4xf5 Re5 24. Ne3 Rxc5 $14) 23... Re5 24. Rfc1 e3 {[%emt 0:00:22] [#]} 25. fxe3 (25. f4 $142 $1 Rd5 26. Nf3) 25... Rxe3 26. N6xf5 (26. Rb7 $16) 26... Bxf5 27. Nxf5 Rxe2 28. Rb7 Rf7 {[%emt 0:01:54] Prevents Ne7+.} 29. Rxf7 Kxf7 $11 {[%emt 0:00:01][%mdl 4096] Endgame KRN-KRN} 30. Nd4 Rxa2 31. Nxc6 Nd5 32. Nd4 Rd2 33. Nb5 a6 34. Nd6+ Ke6 35. Ne4 Re2 36. Ng5+ Kf5 37. Nxh7 g5 (37... a5 $11) 38. Rf1+ Kg4 39. Nf6+ ({White should try} 39. Rd1 $1 $14 Nc7 40. Rc1) 39... Nxf6 {[%emt 0:00:05] The position is equal.} 40. Rxf6 {[%emt 0:00:01] KR-KR} Rc2 41. Rc6 a5 42. Rc8 a4 43. Ra8 Kf3 44. Rf8+ Kg4 {[%emt 0:00:02] aiming for ...a3.} 45. Ra8 Kf3 46. Rf8+ {[%emt 0:00:01] Weighted Error Value: White=0.11 (very precise) /Black=0.10 (very precise)} 1/2-1/2

[Event "Susha Chess Rapid Women 2022"]
[Site "Shusha"]
[Date "2022.09.21"]
[Round "1.2"]
[White "Arabidze, Meri"]
[Black "Ozturk Orenli, Kubra"]
[Result "0-1"]
[ECO "D21"]
[WhiteElo "2422"]
[BlackElo "2319"]
[Annotator "TA"]
[PlyCount "64"]
[EventDate "2022.09.21"]
[EventType "tourn"]
[EventCountry "AZE"]
[SourceTitle "playchess.com"]
[Source "ChessBase"]
[SourceQuality "1"]
[TimeControl "900+10"]

1. d4 d5 2. c4 dxc4 3. Nf3 a6 4. a4 Nc6 5. Nc3 Bg4 6. d5 {[%emt 0:01:07] D21: Queen's Gambit Accepted: 3 Nf3 sidelines.} Bxf3 7. gxf3 Na5 8. e4 (8. Bh3 $15) 8... e6 9. Be3 Nf6 10. dxe6 fxe6 {[%emt 0:00:16] [#]} 11. Qc2 $146 ({Predecessor:} 11. Bh3 Qe7 12. O-O Nd7 13. f4 O-O-O 14. Qg4 Nb3 15. Rad1 Nbc5 16. Rd4 Nf6 17. Qf3 Rxd4 18. Bxd4 {1-0 (74) Havanecz,B (2249)-Rodchenkov,S (2346) Chess.com INT 2022}) 11... Bb4 12. Be2 O-O ({Don't take} 12... Nb3 13. Rd1 Qe7 14. Bxc4 $14) 13. f4 Qe8 {[%emt 0:00:21] Black is more active.} ({Much worse is} 13... Nb3 $6 14. Rd1 Qe7 15. e5 Bxc3+ 16. bxc3 $11) 14. Rg1 Rd8 15. Kf1 Nb3 16. Rd1 Rxd1+ 17. Qxd1 (17. Bxd1 {might work better.} c5 18. e5 Bxc3 19. exf6 Bxf6 20. Qxc4) 17... Bxc3 $19 18. bxc3 b5 ({Inferior is} 18... Nxe4 19. Bxc4 Nbd2+ 20. Bxd2 $11) (18... Qc6 $19 19. f3 Qxa4) 19. axb5 $17 axb5 20. Bf3 Qd8 21. Ke2 c5 (21... Qa8 $17 {aiming for ...Rd8.} 22. Qc2 Qc6) 22. Rg5 (22. Qxd8 $15 Rxd8 23. Rd1 Rxd1 24. Kxd1) 22... Qc7 ({Better is} 22... Qa5 $19 23. e5 Rd8) 23. Qc2 (23. Kf1 $17) 23... b4 24. cxb4 $2 (24. Kf1 {is a better chance.}) 24... cxb4 $2 (24... Nd4+ $19 {is more deadly.} 25. Bxd4 cxd4) 25. Rb5 Nd7 $2 {[%emt 0:01:41] [#] Pair of Knights!} (25... Rd8 $17 {[%cal Od8d2] ...Rd2+! is the strong threat.} 26. Kf1 Nd4 27. Bxd4 Rxd4) 26. Rxb4 $2 {[%emt 0:00:10][%mdl 8192] [#] This move loses the game for White.} (26. Bg4 $1 $16 Re8 27. Rxb4) 26... Qxf4 $1 $19 27. Bg2 (27. Bxf4 Nd4+ 28. Kd1 Nxc2 29. Kxc2 Rxf4 30. Bd1) 27... Qg4+ 28. Kf1 Ra8 {[%emt 0:00:12] ( -> ...Ra1+)} 29. f3 Ra1+ 30. Bc1 Qg5 31. Rxc4 Rxc1+ 32. Qxc1 Nxc1 {[%emt 0:00:02] Weighted Error Value: White=0.98/Black=0.44} 0-1

[Event "Susha Chess Rapid Women 2022"]
[Site "Shusha"]
[Date "2022.09.21"]
[Round "1.3"]
[White "Dzagnidze, Nana"]
[Black "Mammadova, Gulnar"]
[Result "1-0"]
[ECO "D10"]
[WhiteElo "2526"]
[BlackElo "2382"]
[Annotator "TA"]
[PlyCount "65"]
[EventDate "2022.09.21"]
[EventType "tourn"]
[EventCountry "AZE"]
[SourceTitle "playchess.com"]
[Source "ChessBase"]
[SourceQuality "1"]
[TimeControl "900+10"]

1. c4 c6 2. d4 d5 3. cxd5 cxd5 4. Nc3 Nf6 5. Bf4 Nc6 6. e3 Bf5 7. Qb3 Na5 8. Qa4+ {[%emt 0:00:07] D10: Slav Defence: 3 cxd5 (without early Nf3) and 3 Nc3.} Bd7 9. Qc2 e6 10. Nf3 {[%emt 0:00:18] The position is equal.} Rc8 11. Bd3 {[%emt 0:00:17] Prevents Ne4.} Bb4 {[%emt 0:01:11][%cal Of6e4] is recently more successful than 11...Be7.} 12. O-O Nh5 13. Be5 {[%emt 0:04:25] [#]} h6 $146 ({Predecessor:} 13... f6 14. Bg3 Nxg3 15. hxg3 Nc4 16. a3 Bxc3 17. bxc3 Nd6 18. a4 g6 19. Nd2 O-O {½-½ (66) Nakamura,H (2736)-Caruana,F (2835) chess24.com INT 2020}) 14. Rfc1 O-O 15. h3 Nf6 16. Bg3 b5 17. Ne5 a6 18. Qe2 Be7 19. Rc2 Nc6 20. Nxc6 Bxc6 21. a4 Ne4 22. Bf4 ({Much worse is} 22. axb5 Nxg3 23. fxg3 Bxb5 $11) 22... b4 $2 {[%emt 0:00:47][%mdl 8192] [#] Loses the game.} (22... Qd7 $14) 23. Nxe4 $18 {[%emt 0:00:07] White is clearly winning.} dxe4 24. Bxa6 Bd7 25. Bxc8 Bxc8 26. a5 Bb7 27. Qb5 Bd5 28. a6 Bd6 29. Bxd6 Qxd6 30. Qc5 Qb8 31. a7 Qa8 32. Qxb4 f5 33. Rc7 {[%emt 0:00:04] Weighted Error Value: White=0.13 (very precise) /Black=0.43} 1-0

[Event "Susha Chess Rapid Women 2022"]
[Site "Shusha"]
[Date "2022.09.21"]
[Round "1.4"]
[White "Efroimski, Marsel"]
[Black "Zawadzka, Jolanta"]
[Result "1/2-1/2"]
[ECO "C48"]
[WhiteElo "2462"]
[BlackElo "2401"]
[Annotator "TA"]
[PlyCount "118"]
[EventDate "2022.09.21"]
[EventType "tourn"]
[EventCountry "AZE"]
[SourceTitle "playchess.com"]
[Source "ChessBase"]
[SourceQuality "1"]
[TimeControl "900+10"]

1. e4 e5 2. Nf3 Nc6 3. Nc3 Nf6 4. Bb5 Nd4 5. Nxd4 exd4 6. e5 dxc3 7. exf6 Qxf6 8. dxc3 Qe5+ 9. Be2 Bc5 {[%emt 0:01:51] C48: Four Knights: 4 Bb5, replies other than 4...Bb4.} 10. O-O O-O 11. Bf3 c6 12. Re1 Qf6 {[%emt 0:00:04] [#]} 13. c4 $146 ({Predecessor:} 13. Be3 d6 14. Bd4 Bxd4 15. Qxd4 Qxd4 16. cxd4 Bf5 17. Be4 Bxe4 18. Rxe4 Rfe8 19. Rae1 {½-½ (30) Praggnanandhaa,R (2517)-Gledura,B (2613) Stockholm 2017}) 13... d6 14. c3 Be6 15. Re4 Rad8 16. Rf4 Qe5 17. Re4 Qf6 18. Rf4 Qe7 19. b4 Bb6 20. Re4 (20. Qe1 $11 {keeps the balance.}) 20... f5 (20... d5 $17 21. cxd5 cxd5) 21. Re1 Qf7 22. b5 Bxc4 23. bxc6 d5 (23... bxc6 $5 24. Bg5 Rc8 $11) 24. cxb7 Qxb7 25. Bg5 Rde8 26. Qa4 Qc8 27. Bf4 Re6 28. Qc2 Rfe8 29. Rxe6 Qxe6 30. h4 h6 31. a4 Qf6 32. a5 {[%emt 0:00:28] [#]} Bc5 (32... Bxa5 $1 $15 33. Qa4 {[#]} Qd8 $1) 33. Qd2 (33. h5 $11) 33... Rd8 (33... Kh7 $15) 34. Be3 Bxe3 35. Qxe3 a6 36. h5 Qf7 37. Re1 Qd7 (37... Qf6 $1 $14) 38. Qe7 ({White should try} 38. Qf4 $16) 38... Qxe7 $1 $11 39. Rxe7 {[%emt 0:00:01][%mdl 4096] Endgame KRB-KRB} d4 40. cxd4 Rxd4 41. Rc7 {[%emt 0:00:11][%cal Oc7c4] And now Rxc4! would win.} Kf8 42. Rc8+ Ke7 $1 43. Rc7+ Kf6 44. Rc6+ Ke7 45. Rc7+ Kf6 46. Rc6+ Ke7 47. Kh2 (47. Rg6 $5 ) 47... Bb5 48. Rc7+ Kf6 49. Rb7 Ra4 50. Rb6+ Ke5 51. Rg6 Rxa5 52. Rxg7 Ra2 53. Rg6 Rxf2 54. Rxh6 Rd2 55. Rb6 Kf4 {[%emt 0:00:26] The position is equal.} 56. Bb7 Rd7 57. Bxa6 Bxa6 58. Rxa6 Rh7 59. h6 {[%emt 0:00:06] Hoping for Rg6.} Kg5 {[%emt 0:00:01] Against Rg6+.  Weighted Error Value: White=0.14 (very precise) /Black=0.12 (very precise)} 1/2-1/2

[Event "Susha Chess Rapid Women 2022"]
[Site "Shusha"]
[Date "2022.09.21"]
[Round "1.5"]
[White "Beydullayeva, Govhar"]
[Black "Balajayeva, Khanim"]
[Result "1/2-1/2"]
[ECO "D26"]
[WhiteElo "2346"]
[BlackElo "2379"]
[Annotator "TA"]
[PlyCount "57"]
[EventDate "2022.09.21"]
[EventType "tourn"]
[EventCountry "AZE"]
[SourceTitle "playchess.com"]
[Source "ChessBase"]
[SourceQuality "1"]
[TimeControl "900+10"]

1. d4 d5 2. c4 dxc4 3. Nf3 Nf6 4. e3 e6 5. Bxc4 a6 6. O-O b5 7. Bd3 {[%emt 0:00:30] 7.Be2 is the hot move.} Bb7 8. a4 b4 9. Nbd2 {[%emt 0:00:43] D26: Queen's Gambit Accepted: 4 e3 e6 5 Bxc5 c5 sidelines.} Nbd7 10. b3 c5 11. Nc4 Be7 12. Bb2 O-O 13. Qe2 Qc7 14. Rac1 Rfd8 {[%emt 0:01:09] [#]} 15. Rfd1 $146 ({Predecessor:} 15. a5 Rac8 16. dxc5 Bxc5 17. Nfe5 Nxe5 18. Bxe5 Qc6 19. f3 Nd5 20. Kh1 f6 21. Bb2 {0-1 (41) Ajay Krishna,S (2372)-Averjanov,A (2399) Chess.com INT 2022}) 15... Rac8 16. Bb1 Ne4 17. Nfe5 Nxe5 18. Nxe5 (18. dxe5 $14 {feels stronger.} Rxd1+ 19. Rxd1) 18... Bf6 ({Black should try} 18... Bd6 $11) 19. Ng4 (19. Bxe4 $14 Bxe4 20. Rxc5) 19... Be7 $1 $11 20. f3 Nc3 21. Bxc3 bxc3 22. Rxc3 Qa5 23. Rcd3 cxd4 24. Rxd4 Rxd4 25. exd4 Bd5 (25... Rc3 $15) 26. Ne3 {[%emt 0:00:51] The position is equal.} Rc3 27. Nxd5 Qxd5 28. Qe4 Qxe4 29. Bxe4 {[%emt 0:00:05] Weighted Error Value: White=0.19 (very precise) /Black=0.15 (very precise)} 1/2-1/2

[Event "Susha Chess Rapid Women 2022"]
[Site "Shusha"]
[Date "2022.09.22"]
[Round "2.1"]
[White "Mammadova, Gulnar"]
[Black "Arabidze, Meri"]
[Result "0-1"]
[ECO "B40"]
[WhiteElo "2382"]
[BlackElo "2422"]
[Annotator "TA"]
[PlyCount "78"]
[EventDate "2022.09.21"]
[EventType "tourn"]
[EventCountry "AZE"]
[SourceTitle "playchess.com"]
[Source "ChessBase"]
[SourceQuality "1"]
[TimeControl "900+10"]

1. e4 c5 2. Nf3 e6 3. b3 a6 4. Bb2 Nc6 5. c4 Qc7 6. g3 {[%emt 0:00:09] B40: Sicilian: 2...e6, Unusual lines.} Nf6 7. Nc3 Nd4 8. Bg2 {[%emt 0:00:21] The position is equal.} d6 9. O-O Be7 10. Ne2 e5 11. Nfxd4 cxd4 12. f4 O-O 13. h3 b5 {[%emt 0:00:36] [#]} 14. d3 $146 ({Predecessor:} 14. Rc1 bxc4 15. Rxc4 Qb6 16. Kh2 Be6 17. Rc1 Rfc8 18. f5 Bd7 19. g4 Ne8 20. Ng1 Rxc1 21. Bxc1 {½-½ (60) Navara,D (2719)-Svidler,P (2723) chess24.com INT 2020}) 14... bxc4 15. bxc4 Rb8 16. Bc1 Nd7 17. g4 Nc5 18. f5 ({White should play} 18. Qd2) 18... Qd8 $17 {[%emt 0:00:01] Black is more active.} 19. Ng3 Bg5 20. Rf3 Bd7 21. Nh5 (21. Bf1 $17 {was called for.}) 21... g6 (21... Ba4 $19 22. Qe2 Bxc1 23. Rxc1 Qh4) 22. f6 $2 {[%emt 0:00:29] [#] Now White is beyond hope.} (22. Ng3 $17 {was worth a try.}) 22... Ne6 $19 (22... gxh5 23. Bxg5 hxg4 24. Bh6 $11) 23. Bxg5 $2 (23. Ng3 {only move.}) 23... Nxg5 24. Rg3 Ne6 ({Weaker is} 24... gxh5 25. gxh5 Kh8 26. Rxg5 $17) 25. g5 Kh8 {[%emt 0:01:45] Against Ng7} 26. Ng7 Nxg7 27. fxg7+ Kxg7 28. h4 f6 29. Qe2 fxg5 30. hxg5 Rf4 31. Rf1 Qe7 32. Qd2 Rbf8 {[%emt 0:00:20] [#] And now ...Bg4 would win.} 33. Rb1 $2 (33. Bf3) 33... Bg4 34. Qb4 R8f7 35. Qb8 Qxg5 {[%emt 0:00:20] ( -> ...Qh4)} 36. Qxd6 h5 {[%emt 0:00:11] Black mates.} 37. Bh3 Rf3 38. Rxg4 Qe3+ 39. Kg2 Qf2+ {[%emt 0:00:02][%mdl 64] Deflection, Double Attack.  Weighted Error Value: White=0.98/Black=0.27 (precise)} 0-1

[Event "Susha Chess Rapid Women 2022"]
[Site "Shusha"]
[Date "2022.09.22"]
[Round "2.2"]
[White "Beydullayeva, Govhar"]
[Black "Efroimski, Marsel"]
[Result "1/2-1/2"]
[ECO "D41"]
[WhiteElo "2346"]
[BlackElo "2462"]
[Annotator "TA"]
[PlyCount "115"]
[EventDate "2022.09.21"]
[EventType "tourn"]
[EventCountry "AZE"]
[SourceTitle "playchess.com"]
[Source "ChessBase"]
[SourceQuality "1"]
[TimeControl "900+10"]

1. d4 Nf6 2. c4 e6 3. Nf3 d5 4. Nc3 c5 5. cxd5 Nxd5 6. e4 Nxc3 7. bxc3 cxd4 8. cxd4 Bb4+ 9. Bd2 Bxd2+ 10. Qxd2 O-O 11. Bc4 Nd7 12. O-O b6 13. Rad1 Bb7 14. Rfe1 Rc8 {[%emt 0:00:01] D41: Queen's Gambit Declined: Semi-Tarrasch with 5 cxd5.} 15. Bb3 Re8 16. h4 h6 17. Ba4 Bc6 18. Bb3 Bb7 19. Qf4 Qc7 20. e5 {[%emt 0:00:02] [#]} Bxf3 $146 ({Predecessor:} 20... b5 21. Nd2 a5 22. a4 bxa4 23. Bxa4 Red8 24. Re3 Nf6 25. Ra3 Nd5 26. Qg4 Nc3 27. Re1 h5 28. Qxh5 Nxa4 {0-1 (34) Shalamberidze,A (2347)-Davtyan,A (2204) Yerevan 2022}) 21. Qxf3 b5 22. Re3 a5 {[%emt 0:00:17][%cal Ba7a5,Ba5a4,Ba4b3][%mdl 32] Threatens to win with ...a4.} 23. a3 a4 24. Ba2 Qc2 25. Bb1 Qb2 (25... Qc6 26. Qf4 $16) 26. Re2 $36 {[%emt 0:01:14][%cal Be3e2,Be2b2,Bb2b3][%mdl 2080] White fights for an advantage.} Qb3 ({Better is} 26... Qc3 $1 $11) 27. Qxb3 $1 $14 axb3 28. Rb2 $1 Rc3 {[%emt 0:00:02] [#]} (28... Red8 $14) 29. Rd3 $1 $16 Rc1+ 30. Kh2 f6 31. exf6 Nxf6 32. Rbxb3 Ne4 33. f3 Nd6 34. Rdc3 Rd1 35. Bd3 Rd8 36. Rb4 Nf5 37. Bxf5 ({Much less strong is} 37. Bxb5 R1xd4 38. Rxd4 Nxd4 $16) ({Not} 37. Rxb5 Nxd4 38. Ra5 {[#]} (38. Re5 Nxf3+ 39. gxf3 R8xd3 $11) 38... Nxf3+ $1 39. gxf3 R8xd3 40. Rxd3 Rxd3 $11) 37... exf5 38. Rxb5 R8xd4 39. Rxf5 (39. Kg3 $16) 39... Rxh4+ $18 {[%emt 0:00:05][%mdl 4096] Endgame KRR-KRR} 40. Kg3 Ra4 $1 41. Rf4 Ra7 42. a4 Ra1 $1 {[%emt 0:00:04] Inhibits Ra3.} 43. Rcc4 Ra2 44. Rg4 Kh7 45. Kh3 Ra3 46. Rgd4 Ra5 47. Kg3 Ra2 48. f4 Ra6 {[%emt 0:00:18] The position is equal.} 49. Kf3 Ra3+ 50. Kf2 Ra2+ 51. Kf3 Ra3+ 52. Ke4 Rg3 53. Rd2 Ra3 {[%emt 0:00:04] Inhibits Ra2.} 54. Rdd4 Rg3 55. Rc2 Ra3 {[%emt 0:00:05] Inhibits Ra2.} 56. Rcc4 Rg3 57. Rd2 Ra3 {[%emt 0:00:03] Prevents Ra2.} 58. Rdd4 {[%emt 0:00:14] Weighted Error Value: White=0.12 (very precise) /Black=0.10 (very precise)} 1/2-1/2

[Event "Susha Chess Rapid Women 2022"]
[Site "Shusha"]
[Date "2022.09.22"]
[Round "2.3"]
[White "Ozturk Orenli, Kubra"]
[Black "Dzagnidze, Nana"]
[Result "0-1"]
[ECO "E00"]
[WhiteElo "2319"]
[BlackElo "2526"]
[Annotator "TA"]
[PlyCount "83"]
[EventDate "2022.09.21"]
[EventType "tourn"]
[EventCountry "AZE"]
[SourceTitle "playchess.com"]
[Source "ChessBase"]
[SourceQuality "1"]
[TimeControl "900+10"]

1. d4 e6 2. c4 Bb4+ 3. Bd2 Qe7 4. Nf3 f5 5. g3 b6 6. Bg2 {[%emt 0:00:10] A40: Unusual replies to 1 d4.} Bb7 7. O-O {[%emt 0:00:09] Strongly threatening Bg5.} (7. Bxb4 {with more complications.} Qxb4+ 8. Nc3 Qxb2 9. Nb5) 7... Bxd2 8. Qxd2 {[%emt 0:00:22] White is slightly better.} Nf6 {[%emt 0:00:04] Inhibits d5.} 9. Nc3 Ne4 10. Qc2 Nxc3 11. Qxc3 O-O 12. b4 d6 {[%emt 0:00:20] [#]} 13. Qb3 $146 ({Predecessor:} 13. Rac1 Nd7 14. Rfe1 Rae8 15. c5 Nf6 16. cxd6 cxd6 17. Qc7 f4 18. a3 e5 19. dxe5 dxe5 {½-½ (44) Chirita,A (2024)-Baciu,A (2126) Mamaia 2013}) 13... Be4 14. Rac1 Nd7 15. Rfd1 a5 16. a3 Nf6 (16... f4 {seems wilder.} 17. c5 Bd5 18. cxd6 cxd6 19. Qd3 fxg3 20. hxg3 Nf6) 17. Ne1 axb4 18. axb4 Kh8 19. f3 Bc6 {[%emt 0:00:03] [#] ...Ba4 is the strong threat.} 20. b5 Bb7 21. Nd3 e5 22. dxe5 dxe5 23. Qb4 Qe6 24. Qc3 Rfe8 25. Ra1 e4 26. Nf4 Qe7 27. Rxa8 Bxa8 28. Qd4 exf3 29. exf3 Qa3 30. Rd3 Qb4 31. h4 Bb7 32. Kh2 Kg8 33. h5 h6 34. Rd1 Qe7 35. Rd2 (35. Ra1 $11) 35... Qf7 $15 36. c5 bxc5 37. Qxc5 Nxh5 38. Nd5 Bxd5 (38... Qg6 $17 39. Qf2 (39. Qxc7 $2 Qg5 $19) 39... f4) 39. Qxd5 f4 40. Qxf7+ Kxf7 41. g4 Nf6 42. Rc2 {Weighted Error Value: White=0.09 (flawless) /Black=0.06 (flawless)} 0-1

[Event "Susha Chess Rapid Women 2022"]
[Site "Shusha"]
[Date "2022.09.22"]
[Round "2.4"]
[White "Zawadzka, Jolanta"]
[Black "Fataliyeva, Ulviyya"]
[Result "1-0"]
[ECO "C02"]
[WhiteElo "2401"]
[BlackElo "2408"]
[Annotator "TA"]
[PlyCount "71"]
[EventDate "2022.09.21"]
[EventType "tourn"]
[EventCountry "AZE"]
[SourceTitle "playchess.com"]
[Source "ChessBase"]
[SourceQuality "1"]
[TimeControl "900+10"]

1. e4 e6 2. d4 d5 3. e5 c5 4. c3 Nc6 5. Nf3 Bd7 6. Na3 cxd4 7. cxd4 Qb6 8. Nc2 Nge7 {[%emt 0:00:25] C02: French: Advance Variation.} 9. Bd3 Na5 10. O-O Bb5 {[%emt 0:01:00] The position is equal.} 11. b3 Rc8 {[%emt 0:00:47] [#]} 12. h4 $146 ({Predecessor:} 12. Ba3 Bxd3 13. Qxd3 Nf5 14. Bxf8 Kxf8 15. Ne3 g6 16. Ng4 Kg7 17. Nf6 Nc6 18. Rad1 {0-1 (33) Moen,O (2237)-Abdrlauf,E (2231) Drammen 2019}) 12... a6 13. h5 h6 14. Be3 (14. Bxb5+ $14 Qxb5 15. Ba3) 14... Bxd3 15. Qxd3 Qb5 16. Qd2 Nec6 (16... Nf5 {seems wilder.} 17. Bf4 Be7 18. g4 Nh4) 17. Nfe1 Bb4 ({Better is} 17... Nb4 $11) 18. Nxb4 $14 Qxb4 19. Qd3 Na7 (19... Ne7 $11 {remains equal.}) 20. f4 Qb5 21. Qd2 N5c6 22. Nd3 Qb6 (22... Ne7 $16) 23. f5 $18 exf5 24. Rxf5 {[%emt 0:00:32] Black must now prevent Qf2.} Ne7 (24... Nxd4 $2 25. Raf1 O-O 26. e6 Qxe6 27. Bxd4 $18) 25. Rf3 {[%emt 0:00:26] Raf1 is the strong threat.} Qe6 26. Raf1 O-O 27. Rg3 Nf5 {[%emt 0:00:50] [#] Loses the game.} (27... Kh7 $16 28. Nf4 (28. Nc5 Rxc5 29. dxc5 Nac6 $16) 28... Qc6) 28. Rxf5 $1 Qxf5 (28... Kh7 29. Rf2) 29. Bxh6 $1 g6 30. Bxf8 {[%emt 0:00:22][%cal Od2h6] Threatening mate with Qh6!} Kxf8 31. hxg6 Qe4 32. gxf7 {[%emt 0:00:15] White mates.} Qxd4+ 33. Kh2 Kxf7 34. Rf3+ Ke7 35. Qg5+ Kd7 36. Qg7+ {[%emt 0:00:26] Weighted Error Value: White=0.11 (very precise) /Black=0.47} 1-0

[Event "Susha Chess Rapid Women 2022"]
[Site "Shusha"]
[Date "2022.09.22"]
[Round "2.5"]
[White "Balajayeva, Khanim"]
[Black "Mammadzada, Gunay"]
[Result "1-0"]
[ECO "B22"]
[WhiteElo "2379"]
[BlackElo "2473"]
[Annotator "TA"]
[PlyCount "116"]
[EventDate "2022.09.21"]
[EventType "tourn"]
[EventCountry "AZE"]
[SourceTitle "playchess.com"]
[Source "ChessBase"]
[SourceQuality "1"]
[TimeControl "900+10"]

1. e4 c5 2. c3 Nf6 3. e5 Nd5 4. d4 cxd4 5. Nf3 d6 6. cxd4 Nc6 7. Bc4 dxe5 8. dxe5 Be6 {[%emt 0:00:03][%cal Od5e3] B22: Sicilian: 2 c3.} 9. O-O Nc7 10. Qe2 Bxc4 {[%emt 0:00:15] The position is equal.} 11. Qxc4 {[%emt 0:00:01] [#]} g6 $146 ({Predecessor:} 11... e6 12. Nc3 Be7 13. Rd1 Qc8 14. Bf4 O-O 15. Rac1 Nb4 16. a3 Nbd5 17. Bg5 Qd8 18. Bxe7 Qxe7 19. Nxd5 Nxd5 {½-½ (32) Benone,M (1017)-Kohut,G (1466) FICGS email 2016}) 12. Qh4 h5 13. Nc3 Bg7 14. Re1 Qd7 15. h3 {[%emt 0:01:22] Inhibits Qg4.} Qf5 16. Bf4 Ne6 17. Bg3 Rd8 {[%emt 0:01:20] Prevents Nd5.} 18. Rad1 {[%emt 0:01:17] Inhibits Ned4.} Rxd1 19. Rxd1 Qc2 20. Qc4 a6 {[%emt 0:01:55] Inhibits Qb5.} (20... O-O $5 ) 21. Kh2 ({Better is} 21. Rd2 $11 Qc1+ 22. Rd1) 21... g5 (21... O-O $15) 22. h4 g4 23. Nd4 Nexd4 $17 24. Rxd4 {[%emt 0:00:01] [#]} Qxb2 (24... O-O $1 $17 25. Nd5 Qxb2) 25. Rd1 {[%emt 0:00:38] Hoping for Rb1.} O-O 26. Qc5 Qc2 27. Rd7 Qf5 (27... Rb8 $11 {keeps the balance.}) 28. Rxb7 $16 Nxe5 {[%emt 0:00:01][%cal Oe5f3] And now ...Nf3+! would win.} 29. Nd5 ({Much weaker is} 29. Qxe7 Ng6 30. Qe3 {[#]} Nxh4 $1 $11) 29... Ng6 30. Nxe7+ Nxe7 31. Qxe7 Qd5 32. Rb6 Qxa2 33. Qg5 {[%emt 0:00:05] Inhibits Qd5. White is more active.} Qe2 {[%emt 0:00:08] Inhibits Be5.} 34. Qxh5 (34. Rh6 $16) 34... Re8 $2 {[%emt 0:00:05] White now steadily converts the win.} (34... f5 $1 $11 {and Black stays safe.}) 35. Rb4 $40 {[%emt 0:00:07][%mdl 128] White has some attack.} (35. Qg5 $18) 35... a5 $2 (35... Re4 $1 $11 36. Rb7 Re7 37. Rb8+ Re8 38. Rxe8+ Qxe8) 36. Qxa5 $18 ({But not} 36. Rxg4 Re6 37. Qf5 Rb6) 36... Qe6 37. Qg5 f6 38. Qxg4 Qxg4 39. Rxg4 {[%emt 0:00:02][%mdl 4096] Endgame KRB-KRB} Kh7 40. Rb4 Re7 41. h5 Kh6 42. Rb5 {[%emt 0:00:01] Bf4+ is the strong threat.} Rf7 $2 (42... Re4 43. Rf5 Kh7) 43. Bf4+ Kh7 44. g4 Rd7 45. Kg3 Ra7 46. Rc5 {[%emt 0:00:06] Black must now prevent Rc7.} Bh6 47. Bxh6 Kxh6 {[%emt 0:00:01] KR-KR} 48. Rc6 (48. f3 $142 Rb7 49. Kf4 Kh7 50. Kf5 Kg7 51. f4 Rd7 52. h6+ Kxh6 53. Kxf6 Rd6+ 54. Kf5) 48... Kg7 49. Rc4 Ra3+ 50. Kf4 {[%emt 0:00:04] White mates.} Ra5 51. f3 Ra7 52. Rc5 Rd7 53. Kf5 Rd3 54. Rc7+ Kh6 55. f4 Rd5+ 56. Ke6 Rd4 57. Rf7 Re4+ 58. Kf5 Re6 {Weighted Error Value: White=0.22 (precise) /Black=0.48} 1-0